 Dungeon Crawl Stone Soup version 0.28-a0-691-gad6df49e81 (webtiles) character file.

Game seed: 311165652217617130

4 SunnyBump1231 the Skirmisher (level 1, -2/19 HPs)
             Began as a Draconian Berserker on Oct 22, 2021.
             Was a Follower of Trog.
             Frozen to death by an endoplasm (3 damage)
             ... on level 1 of the Dungeon.
             The game lasted 00:00:20 (46 turns).

SunnyBump1231 the Skirmisher (Draconian Berserker)    Turns: 46, Time: 00:00:22

Health: -2/19      AC:  4    Str: 19    XL:     1   Next: 58%
Magic:  1/1        EV: 12    Int:  7    God:    Trog [*.....]
Gold:   8          SH:  0    Dex: 10    Spells: 0/0 levels left

rFire   . . .      SeeInvis .   a - +0 falchion
rCold   . . .      Faith    .   (no shield)
rNeg    . . .      Spirit   .   (armour unavailable)
rPois   .          Reflect  .   (helmet restricted)
rElec   .          Harm     .   (no cloak)
rCorr   .          Rampage  .   (no gloves)
Will    .....                   (no boots)
Stlth   +.........              (no amulet)
HPRegen 0.06/turn               (no ring)
MPRegen 0.07/turn               (no ring)

@: slowed, very slow
A: AC +4, unfitting armour, cold-blooded
a: Renounce Religion, Berserk


You were on level 1 of the Dungeon.
You worshipped Trog.
Trog was aware of your devotion.
You visited 1 branch of the dungeon, and saw 1 of its levels.

You collected 8 gold pieces.

Inventory:

Hand Weapons
 a - a +0 falchion (weapon)


   Skills:
 + Level 3.4 Fighting
 + Level 3.1 Long Blades
 + Level 2.8 Dodging


You couldn't memorise any spells.
You didn't know any spells.
Your spell library was empty.

Dungeon Overview and Level Annotations

Branches:
Dungeon (1/15)

Altars:


Innate Abilities, Weirdness & Mutations

Your plain brown scales are hard. (AC +4)
You cannot fit into any form of body armour.
You are cold-blooded and may be slowed by cold attacks.


Message History

The endoplasm barely misses you. The giant cockroach closely misses you.
You barely miss the giant cockroach.
The giant cockroach is severely wounded.
The ball python misses you. The ball python constricts you.
The endoplasm hits you. The giant cockroach closely misses you.
You barely miss the giant cockroach.
The giant cockroach is severely wounded.
The ball python misses you. The ball python constricts you.
The giant cockroach bites you but does no damage.
The endoplasm hits you but does no damage.
The ball python closely misses you. The ball python constricts you.
You hit the giant cockroach.
You kill the giant cockroach!
Trog accepts your kill. The endoplasm barely misses you.
The ball python bites you but does no damage.
The ball python constricts you.
You hit the rat.
You kill the rat!
Trog accepts your kill. The ball python barely misses you.
The ball python constricts you. The endoplasm freezes you.
You are frozen.
You feel yourself slow down. The ball python closely misses you.
The ball python constricts you. The endoplasm hits you.
The ball python's grasp on you weakens, but your attempt to escape fails.
The ball python bites you but does no damage.
The ball python constricts you. The endoplasm freezes you.
You are frozen.
* * * LOW HITPOINT WARNING * * *
You feel as though you will be slow longer.
You escape the ball python's grasp.
The ball python bites you.
* * * LOW HITPOINT WARNING * * *
The ball python closely misses you.
The ball python bites you but does no damage.
The ball python closely misses you. The endoplasm freezes you.
You are frozen.
You die...

#... .# #... #.##...
#..... ##.....###
.........############
.......#............#
.......J..##....###.#
......S@..##..###
........>##...>#
........###...###..#
...###...#....# ...
## #..##...###..#
#..#....##...##
#..#...###....#
#.##..###.....# #
+...##...#


You could see an endoplasm and a ball python.

Vanquished Creatures
  A giant cockroach (D:1)
  A hobgoblin (D:1)
  2 ball pythons (D:1)
  A rat (D:1)
5 creatures vanquished.

Notes
Turn   | Place    | Note
-------+----------+-------------------------------------------
     0 | D:1      | SunnyBump1231 the Draconian Berserker began the quest for
                  | the Orb.
     0 | D:1      | Reached XP level 1. HP: 19/19 MP: 1/1
    46 | D:1      | Frozen to death by an endoplasm

Illustrated notes

Levels and vault maps discovered:
D:1:      dpeg_arrival_long_road, layout_basic, serial_shops,
          nicolae_shop_overgrown_old_shop,
          dreamdust_ecumenical_altar_drowned_temple, minmay_vboxes

Action                   || total
-------------------------++-------
Melee: Falchion          ||    14
       Tailslap          ||     1
Armor: Skin              ||    12
Dodge: Dodged            ||    17

Table legend: (Time is in decaauts)
 A = Elapsed time spent in this place.
 B = Non-inter-level travel time spent in this place.
 C = Inter-level travel time spent in this place.
 D = Time resting spent in this place.
 E = Time spent auto-exploring this place.
 F = Levels seen in this place.
 G = Mean time per level.
                   A        B        C        D        E       F      G
               +--------+--------+--------+--------+--------+-----+--------+
         Total |     48 |     48 |      0 |      0 |      0 |   1 |   48.0 |
       Dungeon |     48 |     48 |      0 |      0 |      0 |   1 |   48.0 |
               +--------+--------+--------+--------+--------+-----+--------+

Top non-repeatable levels by time:
     D:1: 48 daAuts
